 Dungeon Crawl Stone Soup version 0.29-a0-495-g17b79114eb (webtiles) character file.

Game seed: 6313580828890122193

714 pokeman the Thaumaturge (level 7, -5/39 (40) HPs)
             Began as a Deep Elf Hedge Wizard on May 27, 2022.
             Was an Initiate of Vehumet.
             Succumbed to a wight's poison
             ... on level 5 of the Dungeon.
             The game lasted 00:10:02 (5725 turns).

pokeman the Thaumaturge (Deep Elf Hedge Wizard)     Turns: 5725, Time: 00:10:03

HP:   -5/39 (40)    AC:  4    Str:  7    XL:     7   Next: 41%
MP:   11/20         EV: 12    Int: 27    God:    Vehumet [......]
Gold: 262           SH:  0    Dex: 14    Spells: 11/22 levels left

rFire   . . .      SeeInvis .   x - +3 flail (vorpal)
rCold   . . .      Faith    .   (no shield)
rNeg    . . .      Spirit   .   C - +0 leather armour
rPois   .          Reflect  .   c - +0 hat
rElec   .          Harm     .   v - scarf {shadows}
rCorr   .          Rampage  .   m - +0 pair of gloves
Will    .....                   (no boots)
Stlth   ++........              (no amulet)
HPRegen 0.13/turn               t - +6 ring of intelligence
MPRegen 0.17/turn               (no ring)

@: lethally poisoned (-5 -> -40), lightly drained
A: no striking features
a: Renounce Religion


You were on level 5 of the Dungeon.
You worshipped Vehumet.
Vehumet was noncommittal.
You visited 2 branches of the dungeon, and saw 6 of its levels.

You collected 262 gold pieces.

Inventory:

Hand Weapons
 x - a +3 vorpal flail (weapon)
Missiles
 E - 2 throwing nets
Armour
 c - a +0 hat (worn)
 m - a +0 pair of gloves (worn)
 v - a scarf of shadows (worn)
 C - a +0 leather armour (worn)
Magical Staves
 y - a staff of conjuration
Jewellery
 i - an amulet of faith
 t - a +6 ring of intelligence (left hand)
 u - a ring of ice
Wands
 k - a wand of flame (19)
Scrolls
 a - a scroll of blinking {unknown}
 b - a scroll of brand weapon {unknown}
 e - 2 scrolls of fog {unknown}
 h - 3 scrolls of teleportation {unknown}
 j - a scroll of fear {unknown}
 l - 3 scrolls of identify {unknown}
 n - a scroll of vulnerability {unknown}
 w - a scroll of poison {unknown}
 z - 2 scrolls of enchant armour {unknown}
Potions
 d - 2 potions of magic
 f - 2 potions of ambrosia {unknown}
 g - a potion of heal wounds {unknown}
 o - a potion of haste {unknown}
 p - a potion of degeneration {unknown}
 q - 2 potions of berserk rage {unknown}
 r - a potion of cancellation {unknown}
 s - a potion of brilliance {unknown}
 A - a potion of curing {unknown}
 B - a potion of lignification {unknown}
 D - a potion of attraction {unknown}


   Skills:
 - Level 2.0 Fighting
 + Level 1.0 Armour
 - Level 3.0 Dodging
 - Level 3.2 Stealth
 * Level 8.1 Spellcasting
 + Level 4.0 Conjurations
 - Level 1.1 Summonings
 - Level 1.1 Translocations
 + Level 2.1 Fire Magic
 - Level 1.1 Air Magic
 - Level 1.1 Poison Magic
 - Level 1.1 Evocations


You had 11 spell levels left.
You knew the following spells:

 Your Spells              Type           Power      Damage    Failure   Level
a - Magic Dart            Conj           100%       1d8       1%          1
b - Mephitic Cloud        Conj/Pois/Air  22%        N/A       10%         3
c - Call Imp              Summ           17%        N/A       8%          2
d - Blink                 Tloc           34%        N/A       8%          2
e - Conjure Flame         Conj/Fire      27%        6-21      6%          3

Your spell library contained the following spells:

 Spells                   Type           Power      Damage    Failure   Level
 Apportation              Tloc           34%        N/A       4%          1
 Summon Small Mammal      Summ           68%        N/A       4%          1
 Necrotize                Necr           44%        1d6       8%          1
 Slow                     Hex            44%        N/A       8%          1
 Lesser Beckoning         Tloc           17%        N/A       14%         3
 Manifold Assault         Tloc           17%        N/A       80%         5


Dungeon Overview and Level Annotations

Branches:
Dungeon (5/15)             Temple (1/1) D:4

Altars:
Dithmenos
Elyvilon
Nemelex Xobeh
Qazlal
Ru
Sif Muna
Uskayaw
Vehumet
Yredelemnul
Zin

Shops:
D:2 *


Message History

Casting: Magic Dart (safe; 1% risk of failure)
Confirm with . or Enter, or press ? or * to list all spells.
Aiming: Magic Dart (safe; 1% risk of failure)
Press: ? - help, Shift-Dir - straight line, f/p - wight
Aim: a wight, wielding a +2 trident of venom and wearing a +0 robe (heavily damaged, 100% to hit)
The magic dart hits the wight but does no damage.
The wight is heavily damaged.
You feel sick.
The wight hits you from afar with a +2 trident of venom!
You are lethally poisoned!
Casting: Magic Dart (safe; 1% risk of failure)
Confirm with . or Enter, or press ? or * to list all spells.
Aiming: Magic Dart (safe; 1% risk of failure)
Press: ? - help, Shift-Dir - straight line, f/p - wight
Aim: a wight, wielding a +2 trident of venom and wearing a +0 robe (heavily damaged, 100% to hit)
The magic dart hits the wight but does no damage.
The wight is heavily damaged.
You feel extremely sick. The wight barely misses you.
Casting: Magic Dart (safe; 1% risk of failure)
Confirm with . or Enter, or press ? or * to list all spells.
Aiming: Magic Dart (safe; 1% risk of failure)
Press: ? - help, Shift-Dir - straight line, f/p - wight
Aim: a wight, wielding a +2 trident of venom and wearing a +0 robe (heavily damaged, 100% to hit)
The magic dart hits the wight but does no damage.
The wight is heavily damaged.
* * * LOW HITPOINT WARNING * * *
You feel very sick.
The wight hits you from afar with a +2 trident of venom.
* * * LOW HITPOINT WARNING * * *
You feel drained.
You are more poisoned.
Casting: Magic Dart (safe; 1% risk of failure)
Confirm with . or Enter, or press ? or * to list all spells.
Aiming: Magic Dart (safe; 1% risk of failure)
Press: ? - help, Shift-Dir - straight line, f/p - wight
Aim: a wight, wielding a +2 trident of venom and wearing a +0 robe (heavily damaged, 100% to hit)
The magic dart hits the wight.
The wight is almost destroyed.
You die...

... .....# ...
#....#.........# ##
##....##.....#....#.........#
.......#....'........[#
.......#....#.........'
......#....#####.....#
#....#........####'##
##.z..#........#.....'
#.....'........#.....#
+....@#........#######
#....!#####...........
##....# ###'#....... ######
#...'....... #...#....(..
#..##....... ############


You could see a wight.

Vanquished Creatures
  Edmund (D:4)
  A black bear (D:4)
  A wight (D:5)
  2 hounds (D:5)
  An orc priest (D:3)
  Jessica (D:2)
  2 orc wizards
  2 iguanas
  4 gnolls (D:5)
  9 adders
  7 worms
  A dart slug (D:4)
  4 orcs
  4 bats (D:1)
  4 endoplasms
  A giant cockroach (D:1)
  5 goblins
  9 hobgoblins
  10 jackals
  4 quokkas
  8 ball pythons
  3 frilled lizards
  6 kobolds
  12 rats
102 creatures vanquished.

Vanquished Creatures (collateral kills)
  A hobgoblin (D:4)
1 creature vanquished.

Grand Total: 103 creatures vanquished

Notes
Turn   | Place    | Note
-------+----------+-------------------------------------------
     0 | D:1      | pokeman the Deep Elf Hedge Wizard began the quest for the
                  | Orb.
     0 | D:1      | Reached XP level 1. HP: 10/10 MP: 7/7
   213 | D:1      | Reached XP level 2. HP: 11/15 MP: 1/9
   857 | D:1      | Reached skill level 5 in Spellcasting
  1207 | D:1      | Reached XP level 3. HP: 20/20 MP: 6/11
  1211 | D:1      | Learned a level 3 spell: Mephitic Cloud
  1214 | D:1      | Learned a level 2 spell: Call Imp
  1217 | D:1      | Learned a level 2 spell: Blink
  1221 | D:1      | Learned a level 3 spell: Conjure Flame
  1999 | D:2      | Reached skill level 1 in Armour
  2039 | D:2      | Reached skill level 1 in Fighting
  2242 | D:2      | Found Kuiniru's General Store.
  2374 | D:2      | Reached XP level 4. HP: 24/25 MP: 2/13
  2461 | D:2      | Found a faded altar of an unknown god.
  2636 | D:2      | Noticed Jessica
  2644 | D:2      | Killed Jessica
  2943 | D:3      | Reached skill level 1 in Fire Magic
  3028 | D:3      | Reached skill level 6 in Spellcasting
  3028 | D:3      | Reached XP level 5. HP: 24/29 MP: 0/15
  3236 | D:3      | You fall into a shaft and drop 1 floor!
  3273 | D:4      | Reached skill level 1 in Air Magic
  3509 | D:4      | Noticed a black bear
  3594 | D:4      | Killed a black bear
  3595 | D:4      | Reached skill level 1 in Poison Magic
  3595 | D:4      | Reached XP level 6. HP: 10/34 MP: 3/17
  3842 | D:4      | Noticed Edmund
  3882 | D:4      | Killed Edmund
  3883 | D:4      | Reached skill level 7 in Spellcasting
  3883 | D:4      | Reached skill level 1 in Evocations
  4052 | D:4      | Found a staircase to the Ecumenical Temple.
  4067 | Temple   | Entered the Ecumenical Temple
  4105 | Temple   | Became a worshipper of Vehumet
  4800 | D:5      | Entered Level 5 of the Dungeon
  4810 | D:5      | Reached XP level 7. HP: 23/38 MP: 17/20
  5366 | D:5      | Reached skill level 8 in Spellcasting
  5725 | D:5      | Succumbed to a wight's poison

Illustrated notes

Levels and vault maps discovered:
D:1:      dpeg_arrival_ratfight, layout_basic
D:2:      minmay_evil_eye, layout_basic, hellmonk_ecumenical_altar_lost_god,
          serial_shops, nicolae_shop_stone, uniq_jessica
D:3:      layout_rooms, kennysheep_generic_room_2
D:4:      layout_basic, minmay_temple_entry_mist, uniq_edmund
D:5:      layout_gridville, minmay_circle_x
Temple:   compressed_dpeg_circular_temple

Skill      XL: |  1  2  3  4  5  6  7 |
---------------+----------------------+-----
Spellcasting   | 5 6 7 8 |  8.1
Armour         | 1 |  1.0
Fighting       | 1 2 |  2.0
Conjurations   | 2 3 4 |  4.0
Fire Magic     | 1 2 |  2.1
Dodging        | 3 |  3.0
Air Magic      | 1 |  1.1
Stealth        | 3 |  3.2
Poison Magic   | 1 |  1.1
Evocations     | 1 |  1.1
Summonings     | |  1.1
Translocations | |  1.1

Action                   |  1- 3 |  4- 6 |  7- 9 || total
-------------------------+-------+-------+-------++-------
Melee: Dagger            |    17 |    21 |       ||    38
       Flail             |       |    11 |       ||    11
 Cast: Magic Dart        |   133 |   104 |    76 ||   313
       Mephitic Cloud    |       |     7 |       ||     7
       Conjure Flame     |       |     3 |     1 ||     4
       Call Imp          |       |     2 |     1 ||     3
 Stab: Confused          |       |     3 |       ||     3
       Sleeping          |       |     1 |       ||     1
Armor: Robe              |    11 |    10 |       ||    21
       Leather armour    |       |     2 |     1 ||     3
Dodge: Dodged            |    35 |    25 |     9 ||    69

Table legend: (Time is in decaauts)
 A = Elapsed time spent in this place.
 B = Non-inter-level travel time spent in this place.
 C = Inter-level travel time spent in this place.
 D = Time resting spent in this place.
 E = Time spent auto-exploring this place.
 F = Levels seen in this place.
 G = Mean time per level.
                   A        B        C        D        E       F      G
               +--------+--------+--------+--------+--------+-----+--------+
         Total |   5731 |   5613 |    118 |     39 |   4737 |   6 |  955.2 |
       Dungeon |   5678 |   5573 |    105 |     39 |   4713 |   5 | 1135.6 |
        Temple |     52 |     39 |     13 |      0 |     24 |   1 |   52.0 |
               +--------+--------+--------+--------+--------+-----+--------+

Top non-repeatable levels by time:
     D:1: 1726 daAuts
     D:4: 1201 daAuts
     D:2: 1132 daAuts
     D:5: 860 daAuts
     D:3: 757 daAuts
  Temple: 52 daAuts
